Bacon, lawful female dwarven Valkyrie ---- ---------|>.| ---...|.[.--..|--- |.0...|.......|..| |.|.0.|q0.--.....| |.|.%.|@q..|..--.| |.|.----q|.--#--.|--- |.|..|--.|..|<|..|..| |%|..|000.|.|.|.....| |..0..[(%0|.|.--#--.-- |.|.0---.--.|..|..|..| |.----..0...#..#.....| |......-----|..|^----- -------- |^--..| |..^..| |..---- ---- Bacon the Fighter Experience level: 8 Strength: 18 Dexterity: 14 Constitution: 20 Intelligence: 7 Wisdom: 10 Charisma: 7 Health: 0(94) Energy: 11(11) AC: 7 Gold: 211 Moves: 6613 Your Inventory: Coins $ - 211 gold pieces Weapons a - the blessed rustproof +1 Excalibur Armor I - an uncursed +2 elven leather helm (being worn) Tools R - an [uncursed] magic whistle Gems n - 3 [uncursed] yellow gems [worthless glass] o - 2 [uncursed] green gems [fluorite] u - 2 [uncursed] red gems [worthless glass] v - an [uncursed] blue gem [worthless glass] y - an [uncursed] red gem [garnet] B - an [uncursed] yellowish brown gem [amber] F - 3 [uncursed] yellowish brown gems [worthless glass] G - 2 [uncursed] yellow gems [chrysoberyl] P - 2 [uncursed] violet gems [worthless glass] Spells known in the end: Name Level Category Fail Memory Your skills at the end: Fighting Skills shield [Basic / Expert] Weapon Skills dagger [Basic / Expert] long sword [Basic / Expert] Spellcasting Skills Final Attributes: You were piously aligned. Hunger level was 675. Your alignment was 42 / 43. Monster difficulty range was 1 - 7. Level difficulty was 6. You were immune to cold. You were telepathic. You had infravision. You were stealthy. You were fast. You were lucky (1). You are dead. Vanquished creatures: a small mimic a pyrolisk a large cat 2 watchmen a chameleon a wolf a leprechaun a mumak 2 vampire bats a dwarf mummy a jaguar a dwarf lord a snake 2 water moccasins 4 apes a human zombie a Woodland-elf 6 snow ants a bugbear an imp a quasit 4 rock piercers an enormous rat a violet fungus 3 gnome lords 3 elf zombies a ghoul a wax golem 2 giant ants a little dog 2 floating eyes 2 kittens a homunculus a kobold lord a kobold shaman 2 hill orcs a centipede a giant bat a monkey a werejackal 3 iguanas 3 acid blobs a coyote 3 hobbits 6 hobgoblins 5 giant rats 3 cave spiders a brown mold 3 yellow molds 2 green molds 2 red molds 17 gnomes 2 gnome zombies 5 geckos 9 jackals 3 kobolds a goblin 2 sewer rats a grid bug 5 lichens 7 newts 146 creatures vanquished. Voluntary challenges: You used a wielded weapon 173 times. You read items or engraved 6 times. You put on armor 23 times. You never genocided any monsters. You never polymorphed an object. You changed form 1 time. You used no wishes. You wrote Elbereth's name 1 time. You never encountered a bones level. You used 9 Sokoban shortcuts. Dungeon overview: The Dungeons of Doom: levels 1 to 8 Level 1 a long staircase Level 2 a potion shop stairs to The Gnomish Mines Level 5 (Throne Room) an altar to Tyr, a throne Level 6 an armor shop Level 7 some fountains Level 8 a bookstore, a fountain stairs to Sokoban The Gnomish Mines: levels 3 to 6 Level 3 stairs to The Dungeons of Doom Level 6 many shops, a temple to Tyr, a magic chest, a fountain Sokoban: levels 6 to 7 Level 6 <- You were here Level 7 stairs to The Dungeons of Doom History has recorded: On T:1 you entered the Dungeons of Doom to retrieve the Amulet of Yendor! On T:553 you advanced to experience level 2. On T:806 you reached level 2 of The Dungeons of Doom. On T:922 you advanced to experience level 3. On T:1268 you reached level 1 of The Gnomish Mines. On T:1277 you advanced to experience level 4. On T:1565 you reached level 2 of The Gnomish Mines. On T:1971 you advanced to experience level 5. On T:2113 you reached level 3 of The Gnomish Mines. On T:2478 you reached level 4 of The Gnomish Mines. On T:2603 you advanced to experience level 6. On T:3409 you reached level 3 of The Dungeons of Doom. On T:3765 you reached level 4 of The Dungeons of Doom. On T:4102 you reached level 5 of The Dungeons of Doom. On T:4178 you advanced to experience level 7. On T:4261 you received a rustproof athame of warning from Tyr. On T:4864 you reached level 6 of The Dungeons of Doom. On T:5026 you reached level 7 of The Dungeons of Doom. On T:5182 you advanced to experience level 8. On T:5270 you received advice from The Oracle. On T:5350 you reached level 8 of The Dungeons of Doom. On T:5524 you reached level 3 of Sokoban. On T:5858 you reached level 2 of Sokoban. Latest messages: The rothe hits! The rothe bites! (2x) [HP-14=52] The rothe hits! The rothe bites! The rothe misses. [HP-3=49] You hit the rothe. The rothe hits! The rothe bites! (2x) The rothe hits! The rothe bites! (2x) The rothe hits! The rothe bites! (2x) [HP-26=23] You hit the rothe. (2x) The rothe hits! The rothe bites! (2x) The rothe hits! The rothe bites! (2x) The rothe hits! The rothe bites! You die... Final status: Farvel Bacon the Valkyrie... You died in Sokoban on dungeon level 6 with 1954 points, and 211 pieces of gold, after 6613 moves. You were level 8 with a maximum of 94 hit points when you died.